 Dungeon Crawl Stone Soup version 0.26-a0-639-g72c4674329 (webtiles) character file.

Game seed: 10187955938890052556

25 Borgoz the Skirmisher (level 3, 0/34 HPs)
             Began as a Gargoyle Berserker on Sept 18, 2020.
             Was a Follower of Trog.
             Slain by a goblin
             ... wielding a +0 dagger
             ... led by Robin
              (2 damage)
             ... on level 2 of the Dungeon.
             The game lasted 00:00:44 (930 turns).

Borgoz the Skirmisher (Gargoyle Berserker)           Turns: 930, Time: 00:00:45

Health: 0/34       AC:  5    Str: 20    XL:     3   Next: 6%
Magic:  3/3        EV: 12    Int:  7    God:    Trog [*.....]
Gold:   53         SH:  0    Dex: 10    Spells: 2/2 levels left

rFire    . . .     SeeInvis .   a - +0 mace
rCold    . . .     Faith    .   (no shield)
rNeg     + . .     Spirit   .   b - +0 animal skin
rPois    ∞         Reflect  .   (no helmet)
rElec    +         Harm     .   (no cloak)
rCorr    .         Rampage  .   (no gloves)
MR       .....                  (no boots)
Stlth    ..........             (no amulet)
HPRegen  0.11/turn              (no ring)
MPRegen  0.08/turn              (no ring)

@: berserking (expiring), very quick
A: negative energy resistance 1, electricity resistance, unbreathing,
petrification resistance, rot immunity, AC +3
a: Berserk, Renounce Religion


You were on level 2 of the Dungeon.
You worshipped Trog.
Trog was aware of your devotion.
You visited 1 branch of the dungeon, and saw 2 of its levels.

You collected 53 gold pieces.

Inventory:

Hand Weapons
 a - a +0 mace (weapon)
Armour
 b - a +0 animal skin (worn)
Scrolls
 d - a scroll of immolation {unknown}
 e - 5 scrolls of identify {unknown}
Potions
 c - a potion of curing {unknown}
 f - a potion of mutation {unknown}
 g - 2 potions of lignification {unknown}
 h - a potion of haste {unknown}


   Skills:
 + Level 3.6 Fighting
 + Level 3.3 Maces & Flails
 + Level 2.6 Armour
 + Level 1.9 Dodging


You had 2 spell levels left.
You didn't know any spells.
Your spell library was empty.

Dungeon Overview and Level Annotations

Branches:
Dungeon (2/15)

Altars:
Okawaru

Annotations:
D:2 Robin


Innate Abilities, Weirdness & Mutations

You are resistant to torment.
Your stone body is resilient. (AC +3)
You are immune to poison.
You resist negative energy. (rN+)
You are resistant to electric shocks. (rElec)
You can survive without breathing.
You are immune to petrification.
You are immune to rotting.


Message History

Trog accepts your kill.
You have reached level 3!
Your experience leads to an increase in your attributes!
Increase (S)trength, (I)ntelligence, or (D)exterity?
You feel agile. Robin throws the goblin at you!
The goblin shoots a stone.
The stone barely misses you.
The stone barely misses the goblin.
The goblin closely misses you.
You feel a strong urge to attack something.
You hit the goblin.
You kill the goblin!
Trog accepts your kill. Robin throws the goblin at you!
Things that are here:
a +0 club; a goblin corpse You hit the goblin.
The goblin is severely wounded.
The goblin unwields a +0 hunting sling.
The goblin wields a +0 dagger.
The goblin hits you with a +0 dagger.
You die...

#.#......#
#.#......##
#.#......<#
####.#......#
.....<......#
#####.#'#####
#.....#.# #.##....#
####### #.##.####
#...@g#
#.##.########.###g#
..#...........# #)#
#################g#
.g.gg..g.#
g#########


You could see Robin and 2 goblins.

Vanquished Creatures
  2 dart slugs (D:1)
  2 hobgoblins
  2 ball pythons (D:1)
  3 bats (D:1)
  2 frilled lizards (D:1)
  6 goblins
  3 kobolds (D:1)
  3 rats (D:1)
23 creatures vanquished.

Notes
Turn   | Place    | Note
-------+----------+-------------------------------------------
     0 | D:1      | Borgoz the Gargoyle Berserker began the quest for the Orb.
     0 | D:1      | Reached XP level 1. HP: 14/14 MP: 1/1
   162 | D:1      | Found an iron altar of Okawaru.
   324 | D:1      | Reached XP level 2. HP: 19/19 MP: 2/2
   913 | D:2      | Noticed Robin
   924 | D:2      | HP: 1/28 [hobgoblin/+0 club[Robin] (4)]
   925 | D:2      | Reached XP level 3. HP: 2/23 MP: 3/3
   930 | D:2      | Slain by a goblin

Illustrated notes

Levels and vault maps discovered:
D:1:      eino_arrival_cavern_b, layout_rooms, minmay_misc_feat_ornament,
          okawaru_ov_weapons_minmay
D:2:      layout_basic, vehumet_crystals, uniq_jessica, uniq_robin

Action                   || total
-------------------------++-------
Melee: Mace              ||    57
Invok: Berserk           ||     1
 Stab: Sleeping          ||     1
Armor: Animal skin       ||    24
Dodge: Dodged            ||    39

Table legend: (Time is in decaauts)
 A = Elapsed time spent in this place.
 B = Non-inter-level travel time spent in this place.
 C = Inter-level travel time spent in this place.
 D = Time resting spent in this place.
 E = Time spent auto-exploring this place.
 F = Levels seen in this place.
 G = Mean time per level.
                   A        B        C        D        E       F      G
               +--------+--------+--------+--------+--------+-----+--------+
         Total |    944 |    887 |     57 |    105 |    637 |   2 |  472.0 |
       Dungeon |    944 |    887 |     57 |    105 |    637 |   2 |  472.0 |
               +--------+--------+--------+--------+--------+-----+--------+

Top non-repeatable levels by time:
     D:1: 888 daAuts
     D:2: 56 daAuts
